[Event "Early-Titled-Tuesday-Blitz-April-16-2024"]
[Site "Chess.com"]
[Date "2024.04.16"]
[Round "9"]
[White "Vahe_Danielyan"]
[Black "aanshnerurkar"]
[Result "1-0"]
[WhiteElo "2613"]
[BlackElo "2444"]
[TimeControl "180+1"]
[EndTime "9:47:06 PDT"]
[Termination "Vahe_Danielyan won on time"]

1. d4 Nf6 2. c4 e6 3. Nc3 Bb4 4. Bf4 O-O 5. Qb3 Bxc3+ 6. Qxc3 b6 7. f3 Bb7 8. e4 d6 9. Bd3 Nbd7 10. Ne2 e5 11.
Bg3 Nh5 12. Bf2 exd4 13. Nxd4 Nf4 14. Bf1 Ne5 15. g3 Ne6 16. O-O-O Nxd4 17. Bxd4 Qe8 18. Bxe5 dxe5 19. Bh3 Bc6 20. c5 b5 21. Rd2 a5 22.
Rhd1 Qe7 23. Bd7 b4 24. Qc4 Bxd7 25. Rxd7 Qg5+ 26. Kb1 Qh5 27. g4 Qxh2 28. Rxc7 a4 29.
c6 a3 30. Qc2 Qf4 31. Rcd7 Qxf3 32. c7 Qxg4 33. Rd8 b3 34. axb3 a2+ 35. Ka1 Raxd8 36.
cxd8=Q 1-0

[Event "Early-Titled-Tuesday-Blitz-April-16-2024"]
[Site "Chess.com"]
[Date "2024.04.16"]
[Round "9"]
[White "KuzubovYuriy"]
[Black "chito89"]
[Result "1-0"]
[WhiteElo "2925"]
[BlackElo "2751"]
[TimeControl "180+1"]
[EndTime "9:47:14 PDT"]
[Termination "KuzubovYuriy won by resignation"]

1. d4 Nf6 2. c4 g6 3. Nc3 Bg7 4. e4 d6 5. Nge2 O-O 6. Ng3 e5 7. d5 Na6 8. h4 h5 9. Bg5 c6 10. Be2 Qb6 11. Qd2 cxd5 12. Bxf6 Bxf6 13. Nxd5 Qd8 14.
Bxh5 Be6 15. Nxf6+ Qxf6 16. Be2 Rac8 17. b3 Nc5 18. Qg5 Qf4 19. Rd1 Rfd8 20. Bf3 Qxg5 21. hxg5 Kg7 22. Be2 Kf8 23. f3 Ke7 24. Nf1 Rh8 25.
Rxh8 Rxh8 26. Ne3 Rh5 27. Kf2 Rxg5 28. g4 f5 29. b4 Nd7 30. Kg3 f4+ 31. Kh4 Kf6 32.
Nd5+ Bxd5 33. Rxd5 1-0

[Event "Early-Titled-Tuesday-Blitz-April-16-2024"]
[Site "Chess.com"]
[Date "2024.04.16"]
[Round "9"]
[White "xasid81"]
[Black "ContrVersia"]
[Result "0-1"]
[WhiteElo "2629"]
[BlackElo "2888"]
[TimeControl "180+1"]
[EndTime "9:47:15 PDT"]
[Termination "ContrVersia won by resignation"]

1. e4 c5 2. Nf3 a6 3. b3 Nc6 4.
Bb2 d6 5. g3 e5 6. Bg2 g6 7. c3 Bg7 8. d4 exd4 9. cxd4 Bg4 10. e5 dxe5 11. d5 Nd4 12. h3 Bxf3 13. Bxf3 Ne7 14.
Nc3 O-O 15. Bg2 Nc8 16. Ne4 b6 17.
O-O h6 18. a4 f5 19. Nd2 Nd6 20. Nc4 e4 21. Rb1 b5 22. axb5 axb5 23. Ne3 f4 24.
gxf4 Rxf4 25. b4 Nf3+ 26. Bxf3 exf3 27. Bxg7 Kxg7 28. bxc5 Nc4 29. Kh2 Nxe3 30. fxe3 Ra2+ 31. Kh1 Qg5 32. Rg1 Qh4 33. Rxg6+ Kxg6 34. Qg1+ Rg2 0-1

[Event "Early-Titled-Tuesday-Blitz-April-16-2024"]
[Site "Chess.com"]
[Date "2024.04.16"]
[Round "9"]
[White "Koalaskakistis"]
[Black "Alexchess1984"]
[Result "0-1"]
[WhiteElo "2564"]
[BlackElo "2682"]
[TimeControl "180+1"]
[EndTime "9:47:16 PDT"]
[Termination "Alexchess1984 won by resignation"]

1. Nf3 e6 2. g3 d5 3. Bg2 Nf6 4. O-O Be7 5. d3 O-O 6. Nbd2 c5 7. e4 Nc6 8. Re1 dxe4 9. dxe4 e5 10. c3 Be6 11.
Bf1 Qc8 12. Nc4 Qc7 13. Qc2 b5 14. Ne3 a6 15. a4 Qb7 16. Ng5 Bd7 17. Bg2 h6 18.
Nf3 Be6 19. Nh4 c4 20. Nd5 Rfd8 21. Ne3 Bf8 22. axb5 axb5 23. Rxa8 Rxa8 24. Nd5 Ne8 25. Nf5 Ne7 26. Qd1 Nxd5 27. exd5 Bxf5 28. d6 e4 29. d7 Qxd7 0-1

[Event "Early-Titled-Tuesday-Blitz-April-16-2024"]
[Site "Chess.com"]
[Date "2024.04.16"]
[Round "9"]
[White "DarZay"]
[Black "HighLawView"]
[Result "0-1"]
[WhiteElo "2301"]
[BlackElo "2128"]
[TimeControl "180+1"]
[EndTime "9:47:17 PDT"]
[Termination "HighLawView won by checkmate"]

1. e4 e5 2. Nf3 Nf6 3. Nxe5 Nc6 4.
Nxc6 dxc6 5. f3 Bc5 6. c3 O-O 7. d4 Nxe4 8. fxe4 Qh4+ 9. g3 Qxe4+ 10. Qe2 Qxh1 11. dxc5 Bh3 12. Kf2 Rfe8 13. Qd3 Rad8 14. Qc4 Qxh2+ 15. Kf3 Rd1 16. Bxh3 Qxh3 17. Bf4 Rf1+ 18.
Qxf1 Qxf1+ 19. Kg4 g6 20. b4 h5+ 21. Kg5 Qh3 22.
Nd2 Kg7 23. Bxc7 Qg4# 0-1

[Event "Early-Titled-Tuesday-Blitz-April-16-2024"]
[Site "Chess.com"]
[Date "2024.04.16"]
[Round "9"]
[White "Aradhya2000"]
[Black "artin10862"]
[Result "1-0"]
[WhiteElo "2798"]
[BlackElo "2927"]
[TimeControl "180+1"]
[EndTime "9:47:21 PDT"]
[Termination "Aradhya2000 won on time"]

1. d4 d5 2. c4 dxc4 3. e3 a6 4. Bxc4 Nf6 5. Nf3 e6 6. O-O Nbd7 7. a3 c5 8. dxc5 Bxc5 9. b4 Be7 10. Bb2 b6 11. Nbd2 Bb7 12. Qe2 O-O 13. Rfd1 Qb8 14. Bd3 a5 15. bxa5 Rxa5 16. Nc4 Rh5 17. e4 Nc5 18. e5 Nxd3 19. Rxd3 Nd5 20. Rd4 Rf5 21. Qd2 Rc8 22. Rg4 h5 23. Rd4 g5 24. Nd6 Bxd6 25. exd6 1-0

[Event "Early-Titled-Tuesday-Blitz-April-16-2024"]
[Site "Chess.com"]
[Date "2024.04.16"]
[Round "9"]
[White "AlainBruxelles"]
[Black "GMAneta"]
[Result "0-1"]
[WhiteElo "2354"]
[BlackElo "2547"]
[TimeControl "180+1"]
[EndTime "9:47:22 PDT"]
[Termination "GMAneta won by checkmate"]

1. e4 c5 2. Nf3 Nc6 3. Nc3 g6 4. Bb5 Nd4 5. Nxd4 cxd4 6. Ne2 Bg7 7. O-O a6 8. Ba4 b5 9. Bb3 Bb7 10.
d3 e6 11. f4 Ne7 12. Ng3 f5 13. exf5 gxf5 14. Qh5+ Ng6 15. Bd2 Qf6 16. Rae1 O-O 17. Bb4 Rf7 18. Bd6 Qh4 19. Qe2 Rc8 20. a4 Kh8 21. axb5 axb5 22. Ra1 Bh6 23. Qf2 Rg8 24. Qxd4+ Bg7 25. Qf2 Bxb2 26. Ra7 Bc6 27. d4 Qf6 28. Rd1 h6 29. Qe3 Kh7 30. Ra2 Nh4 31. Rxb2 Nxg2 32. Qe5 Qh4 33. d5 Rxg3 34. hxg3 Qxg3 35. dxc6 Ne3+ 36.
Kh1 Qg2# 0-1

[Event "Early-Titled-Tuesday-Blitz-April-16-2024"]
[Site "Chess.com"]
[Date "2024.04.16"]
[Round "9"]
[White "Seochesspie"]
[Black "shimastream"]
[Result "0-1"]
[WhiteElo "2864"]
[BlackElo "3036"]
[TimeControl "180+1"]
[EndTime "9:47:23 PDT"]
[Termination "shimastream won by resignation"]

1. e4 b6 2. d4 Bb7 3. Nd2 e6 4. Ngf3 c5 5. Bd3 Nf6 6. O-O d5 7. e5 Nfd7 8. c3 Nc6 9. Re1 Be7 10. Nf1 g5 11. Be3 h5 12. Rc1 g4 13. N3d2 Qc7 14.
Ng3 O-O-O 15. Ne2 Rdg8 16. a3 f6 17. exf6 Bd6 18. g3 Nxf6 19. c4 h4 20. dxc5 bxc5 21. cxd5 hxg3 22. fxg3 Nxd5 23. Bf2 Ne5 24. Be4 Kb8 25.
Qc2 Qf7 26. Bxc5 Bxc5+ 27. Qxc5 Qh5 28. Nf1 Nf3+ 29. Bxf3 gxf3 30. Nd4 Rxg3+ 31. hxg3 Qh1+ 0-1

[Event "Early-Titled-Tuesday-Blitz-April-16-2024"]
[Site "Chess.com"]
[Date "2024.04.16"]
[Round "9"]
[White "Stanbad1"]
[Black "Revan_2002"]
[Result "1/2-1/2"]
[WhiteElo "2595"]
[BlackElo "2719"]
[TimeControl "180+1"]
[EndTime "9:47:23 PDT"]
[Termination "Game drawn by repetition"]

1. d4 Nf6 2. Nc3 d5 3. Bf4 g6 4. e3 Bg7 5. h4 h5 6. Nf3 O-O 7. Ne5 c5 8. Qd2 Nc6 9. f3 cxd4 10. exd4 Bf5 11. Bb5 Rc8 12. Bxc6 bxc6 13. Na4 Nd7 14.
Nxd7 Bxd7 15. Nc5 Re8 16. O-O-O Bf5 17. Rhe1 Qb6 18. Bh6 e5 19. Bxg7 Kxg7 20. Qc3 Qd8 21. dxe5 Qxh4 22. e6+ Qf6 23. exf7 Kxf7 24. Qa3 Rc7 25.
Rxe8 Kxe8 26. Re1+ Kf7 27. Qa5 Re7 28. Nb3 Qg5+ 29.
Kd1 Rxe1+ 30. Kxe1 Qxg2 31. Qxa7+ Kg8 32. Nd4 Qg3+ 33.
Ke2 h4 34. Qa8+ Kg7 35. Qb7+ Kg8 36. Qa8+ Kg7 37. Qb7+ Kg8 38. Qa8+ 1/2-1/2

[Event "Early-Titled-Tuesday-Blitz-April-16-2024"]
[Site "Chess.com"]
[Date "2024.04.16"]
[Round "9"]
[White "LuisFSiles"]
[Black "Vasily_IM"]
[Result "0-1"]
[WhiteElo "2373"]
[BlackElo "2564"]
[TimeControl "180+1"]
[EndTime "9:47:24 PDT"]
[Termination "Vasily_IM won by resignation"]

1. e4 c5 2. Nf3 e6 3. c3 d5 4.
exd5 Qxd5 5. d4 Nf6 6. a3 cxd4 7. cxd4 Nc6 8. Nc3 Qd6 9. Bd3 Be7 10. O-O O-O 11.
Re1 b6 12. Bc2 Bb7 13. Qd3 Rfd8 14. Be3 Rac8 15. Rad1 g6 16. Bb3 Bf8 17. Bg5 Be7 18. Qe3 Na5 19. Ba2 Nc4 20. Bxc4 Rxc4 21. Ne5 Rcc8 22.
Qf4 Kg7 23. Qh4 Re8 24. Re3 Ng8 25. Rh3 h5 26. Qf4 f6 27. Nb5 Qd5 28. Bxf6+ Bxf6 29. Rg3 Bxe5 0-1

[Event "Early-Titled-Tuesday-Blitz-April-16-2024"]
[Site "Chess.com"]
[Date "2024.04.16"]
[Round "9"]
[White "mishanick"]
[Black "AlmasRakhmatullaev"]
[Result "1-0"]
[WhiteElo "3056"]
[BlackElo "2873"]
[TimeControl "180+1"]
[EndTime "9:47:25 PDT"]
[Termination "mishanick won by resignation"]

1. d4 d5 2. c4 c6 3. Nc3 Nf6 4. Nf3 a6 5. c5 Bf5 6. Bf4 Nbd7 7.
h3 e6 8. e3 Be7 9. Nh4 Be4 10.
Be2 h6 11. Nf3 Bh7 12. Qb3 Qc8 13. O-O g5 14. Bg3 Rg8 15. Ne5 Nxe5 16. Bxe5 Nd7 17.
Bh2 Bf5 18. Rae1 g4 19. Bxg4 Bxg4 20. hxg4 Rxg4 21. e4 Nf6 22. f3 Rg6 23. Be5 Nh5 24. f4 Kd7 25. f5 exf5 26. exd5 Ra7 27. d6 Rxg2+ 28. Kxg2 Qg8+ 29. Kh1 Qg4 30. Qxf7 Qh3+ 31. Bh2 Ng3+ 32. Kg1 1-0

[Event "Early-Titled-Tuesday-Blitz-April-16-2024"]
[Site "Chess.com"]
[Date "2024.04.16"]
[Round "9"]
[White "dvglko"]
[Black "viktorskliarov"]
[Result "1-0"]
[WhiteElo "2503"]
[BlackElo "2608"]
[TimeControl "180+1"]
[EndTime "9:47:25 PDT"]
[Termination "dvglko won by resignation"]

1. e4 c5 2. Nf3 Nc6 3. Bb5 e6 4. O-O Nge7 5. Re1 Nd4 6. Nxd4 cxd4 7. d3 a6 8. Ba4 b5 9. Bb3 Nc6 10. a4 Bb7 11. axb5 axb5 12. Rxa8 Bxa8 13. f4 Be7 14. Qg4 O-O 15. f5 Kh8 16. Bf4 Na5 17. Ba2 b4 18. Nd2 Qc8 19. Nc4 Nxc4 20. Bxc4 d5 21. exd5 exd5 22. Rxe7 dxc4 23. Be5 Rg8 24. Rxf7 1-0

[Event "Early-Titled-Tuesday-Blitz-April-16-2024"]
[Site "Chess.com"]
[Date "2024.04.16"]
[Round "9"]
[White "Chessbard1972"]
[Black "Bilan_Danila"]
[Result "1-0"]
[WhiteElo "2364"]
[BlackElo "2502"]
[TimeControl "180+1"]
[EndTime "9:47:25 PDT"]
[Termination "Chessbard1972 won on time"]

1. d4 d5 2. c4 c6 3. Nf3 Nf6 4. Nc3 e6 5. Bg5 Nbd7 6. e3 Be7 7. cxd5 exd5 8. Qc2 O-O 9. Bd3 Re8 10. O-O Nf8 11.
Rae1 Ng6 12. Ne5 Ng4 13. Bxe7 Qxe7 14. f4 Nf8 15. h3 Nxe5 16. dxe5 f6 17. exf6 Qxf6 18.
e4 Qd4+ 19. Kh1 dxe4 20. Nxe4 Be6 21. Ng5 h6 22. Nxe6 Nxe6 23. Rxe6 Rxe6 24. Bc4 Re8 25. f5 Qf6 26. Re1 Kf8 27. Bxe6 Qe7 28. Rd1 1-0

[Event "Early-Titled-Tuesday-Blitz-April-16-2024"]
[Site "Chess.com"]
[Date "2024.04.16"]
[Round "9"]
[White "Kostukov_Alex"]
[Black "stepanosinovsky"]
[Result "0-1"]
[WhiteElo "2273"]
[BlackElo "2395"]
[TimeControl "180+1"]
[EndTime "9:47:27 PDT"]
[Termination "stepanosinovsky won on time"]

1. g3 Nf6 2. Bg2 g6 3. c4 Bg7 4. Nf3 O-O 5. O-O d6 6. d4 Nbd7 7. Nc3 e5 8. e4 c6 9. h3 Re8 10. Be3 exd4 11. Nxd4 Nc5 12. Qc2 a5 13. Nb3 Ne6 14.
Rad1 a4 15. Nd4 Nxd4 16. Bxd4 Qa5 17. Be3 a3 18. b3 Qh5 19. h4 Ng4 20. Bf4 Ne5 21.
Rxd6 Nf3+ 22. Kh1 Nxh4 23. Qd1 Nf3+ 0-1

[Event "Early-Titled-Tuesday-Blitz-April-16-2024"]
[Site "Chess.com"]
[Date "2024.04.16"]
[Round "9"]
[White "Aleksandar-Topalov"]
[Black "kritipatel"]
[Result "1-0"]
[WhiteElo "2345"]
[BlackElo "2176"]
[TimeControl "180+1"]
[EndTime "9:47:29 PDT"]
[Termination "Aleksandar-Topalov won by resignation"]

1. b3 d5 2. Bb2 c5 3. e3 Nc6 4.
Bb5 Bd7 5. Nf3 e6 6. O-O Nf6 7. d3 Bd6 8. Bxc6 Bxc6 9. Ne5 Qc7 10. f4 Nd7 11. Qh5 g6 12. Qh4 Bxe5 13. fxe5 Nxe5 14. Qf6 d4 15. Qxh8+ Kd7 16. Qxa8 Qd6 17. e4 f5 18. Nd2 b6 19. Qxa7+ 1-0

[Event "Early-Titled-Tuesday-Blitz-April-16-2024"]
[Site "Chess.com"]
[Date "2024.04.16"]
[Round "9"]
[White "AlexanderKing"]
[Black "Denisenko_Denis"]
[Result "1-0"]
[WhiteElo "2573"]
[BlackElo "2437"]
[TimeControl "180+1"]
[EndTime "9:47:31 PDT"]
[Termination "AlexanderKing won by checkmate"]

1. c4 c6 2. g3 d5 3. Nf3 Nf6 4. Bg2 Bf5 5. Qb3 Qb6 6. d3 e6 7. Be3 Qxb3 8. axb3 a6 9. Nh4 Bg4 10. h3 Bh5 11. g4 Bg6 12. Nd2 Nbd7 13. Bf4 Be7 14.
Bg3 O-O 15. O-O Ne8 16. f4 f5 17. Nxg6 hxg6 18. g5 Bc5+ 19. Bf2 Bxf2+ 20. Kxf2 Nd6 21. e3 Kf7 22. b4 Rfe8 23. b3 dxc4 24. bxc4 e5 25. Rfc1 exf4 26. exf4 Re7 27. Bf3 Rh8 28.
Rh1 Rhe8 29. Nb3 Re3 30. Rad1 Nxc4 31. dxc4 Rxb3 32. Rxd7+ Kf8 33. Rxb7 Ree3 34. Be2 Rec3 35. Rd1 Ke8 36. Rdd7 Rxh3 37. Rxg7 Rh2+ 38. Kg1 Rh8 39.
Rb8# 1-0

[Event "Early-Titled-Tuesday-Blitz-April-16-2024"]
[Site "Chess.com"]
[Date "2024.04.16"]
[Round "9"]
[White "Silvederione"]
[Black "ChessSwole"]
[Result "1-0"]
[WhiteElo "2524"]
[BlackElo "2668"]
[TimeControl "180+1"]
[EndTime "9:47:36 PDT"]
[Termination "Silvederione won by resignation"]

1. d4 Nf6 2. Nc3 d5 3. Bf4 a6 4. e3 e6 5. Bd3 Bb4 6. a3 Bxc3+ 7. bxc3 O-O 8. Qf3 c5 9. dxc5 Qa5 10. Ne2 Nbd7 11.
Bd6 Rd8 12. O-O Nxc5 13. Be7 Nfe4 14. Bxd8 Qxd8 15. Rfd1 Bd7 16. c4 Bc6 17. cxd5 exd5 18. c4 Qe7 19. Nd4 Re8 20. Nxc6 bxc6 21. cxd5 cxd5 22.
Rac1 Nb3 23. Rc6 a5 24. Bxe4 dxe4 25. Qg4 g6 26. Rc8 Kg7 27. Rxe8 Qxe8 28. h3 Nc5 29. Rd5 Nd3 30. Qd7 Qe5 31. Rxe5 Nxe5 32. Qd4 1-0

[Event "Early-Titled-Tuesday-Blitz-April-16-2024"]
[Site "Chess.com"]
[Date "2024.04.16"]
[Round "9"]
[White "Roedor"]
[Black "EliteChess0967"]
[Result "1-0"]
[WhiteElo "2357"]
[BlackElo "2464"]
[TimeControl "180+1"]
[EndTime "9:47:36 PDT"]
[Termination "Roedor won by checkmate"]

1. Nf3 d5 2. d4 Nf6 3. c4 e6 4. g3 Be7 5. Bg2 O-O 6. O-O dxc4 7.
h4 a6 8. Ne5 Nc6 9. Nxc6 bxc6 10. Qa4 Rb8 11. Qxc4 Rb4 12. Qc2 Rxd4 13. Be3 Rb4 14.
Rd1 Nd5 15. Bd2 Rb8 16. e4 Nb6 17. Bf4 Bd7 18. Nc3 Qc8 19. e5 Nd5 20. Bg5 Qd8 21.
Ne4 Bxg5 22. hxg5 Qe7 23. a3 c5 24. Nxc5 Rfd8 25. Ne4 Qe8 26. Re1 Ba4 27. Qe2 Qb5 28.
Qh5 Qxb2 29. Nf6+ gxf6 30. gxf6 Qd2 31. Qg4+ Kf8 32. Qg7+ Ke8 33. Qg8+ Kd7 34. Qxf7+ Kc6 35. Qxe6+ Kb7 36. Reb1+ Ka7 37. Rxb8 Kxb8 38. Qxa6 Qb2 39. Re1 Bb5 40. Qa5 Nc3 41. Qa8# 1-0

[Event "Early-Titled-Tuesday-Blitz-April-16-2024"]
[Site "Chess.com"]
[Date "2024.04.16"]
[Round "9"]
[White "JonasEilenberg"]
[Black "JSPrepz"]
[Result "1-0"]
[WhiteElo "2640"]
[BlackElo "2809"]
[TimeControl "180+1"]
[EndTime "9:47:38 PDT"]
[Termination "JonasEilenberg won by resignation"]

1. d4 Nf6 2. c4 c5 3. d5 b5 4. Qc2 bxc4 5. e4 e6 6. Bxc4 exd5 7. exd5 d6 8. Nc3 Be7 9. Nge2 O-O 10.
O-O Nbd7 11. b3 Nb6 12. h3 Rb8 13. Ng3 Nxc4 14. bxc4 Rb4 15. Nb1 Ba6 16. Nd2 Nd7 17. Ba3 Rb6 18. Rfe1 Bf6 19. Rab1 Rxb1 20. Rxb1 Qa5 21.
Bb2 Bxb2 22. Qxb2 Ne5 23. Nf5 f6 24. Nxd6 Nd3 25. Qc2 Nf4 26. Re1 Rd8 27. Nf5 Bxc4 28. Ne7+ Kh8 29. Nc6 Bd3 30. Nxd8 Qxd8 31. Qxc5 h5 32.
d6 Qa8 33. Nf3 Nxh3+ 34. Kh2 Nf4 35. d7 Ba6 36. Re8+ 1-0

[Event "Early-Titled-Tuesday-Blitz-April-16-2024"]
[Site "Chess.com"]
[Date "2024.04.16"]
[Round "9"]
[White "Smoking_Crow"]
[Black "becemix"]
[Result "1-0"]
[WhiteElo "2684"]
[BlackElo "2514"]
[TimeControl "180+1"]
[EndTime "9:47:45 PDT"]
[Termination "Smoking_Crow won by resignation"]

1. e4 e5 2. Nf3 Nc6 3. Bc4 Bc5 4. c3 Nf6 5. d3 O-O 6. O-O d6 7. h3 a6 8. Bb3 Ne7 9. d4 exd4 10. cxd4 Ba7 11.
Nc3 Ng6 12. Re1 Be6 13. Bc2 c5 14. d5 Bd7 15. Ne2 Re8 16. Ng3 b5 17. b3 Ne5 18.
Nxe5 dxe5 19. Qf3 h6 20. Bb2 Qe7 21. Rad1 Qd6 22. Nf1 Nh7 23. Ne3 Nf8 24. Qg3 Ng6 25. Bc1 Rac8 26. Ng4 c4 27. bxc4 Rxc4 28. Bd3 Rc3 29.
Bb2 Rc7 30. Bb1 Bxg4 31. Qxg4 Rec8 32. Rf1 Nf4 33. g3 h5 34. Qf3 Nxh3+ 35. Kg2 Ng5 36. Qxh5 Qe7 37. d6 1-0

[Event "Early-Titled-Tuesday-Blitz-April-16-2024"]
[Site "Chess.com"]
[Date "2024.04.16"]
[Round "9"]
[White "NigiriSushies"]
[Black "Predator0608"]
[Result "0-1"]
[WhiteElo "2423"]
[BlackElo "2577"]
[TimeControl "180+1"]
[EndTime "9:47:48 PDT"]
[Termination "Predator0608 won by checkmate"]

1. Nf3 Nf6 2. g3 b6 3. Bg2 Bb7 4. O-O e6 5. d3 Be7 6. e4 O-O 7. c4 c5 8. Nc3 d6 9. Re1 e5 10.
a3 Nc6 11. b4 cxb4 12. axb4 Nxb4 13. Ba3 Nc6 14. d4 exd4 15. Nxd4 Ne5 16. Nf5 Nxc4 17.
e5 Bxg2 18. Nxe7+ Qxe7 19. Kxg2 Nxe5 20. Bxd6 Qb7+ 21. Kf1 Nf3 22. Bxf8 Nxh2+ 23. Kg1 Nf3+ 24. Kf1 Nxe1 25. Bxg7 Qh1+ 26. Ke2 Re8+ 27. Kd2 Rd8+ 28. Ke2 Rxd1 29. Bxf6 Rxa1 30. Nd5 Qxd5 31. f4 Qf3+ 32.
Kd2 Qxg3 33. f5 Qf4+ 34. Kc3 Qxf5 35. Kb4 Qxf6 36. Kb5 h5 37. Kb4 h4 38. Kb5 h3 39.
Kb4 h2 40. Kb5 h1=N 41. Kb4 Qe6 42. Kb5 f5 43. Kb4 f4 44. Kb5 f3 45. Kb4 f2 46.
Kb5 f1=N 47. Kb4 a5+ 48. Kb5 a4 49. Kb4 a3 50. Kb5 a2 51. Kb4 Rb1+ 52. Ka4 a1=N 53.
Ka3 Nac2+ 54. Ka4 b5+ 55. Ka5 b4 56. Ka4 b3 57. Ka5 b2 58. Ka4 Ra1+ 59. Kb5 b1=N 60. Kc5 Nhg3 61. Kb5 Nfe3 62. Kc5 Nd3+ 63. Kb5 Ne5 64.
Kc5 Ne4+ 65. Kb5 Nbc3# 0-1

[Event "Early-Titled-Tuesday-Blitz-April-16-2024"]
[Site "Chess.com"]
[Date "2024.04.16"]
[Round "9"]
[White "vovachesss"]
[Black "Grossboss19"]
[Result "1-0"]
[WhiteElo "2764"]
[BlackElo "2607"]
[TimeControl "180+1"]
[EndTime "9:47:52 PDT"]
[Termination "vovachesss won by resignation"]

1. c4 e6 2. Nc3 d5 3. d4 Nf6 4. Nf3 Be7 5. g3 O-O 6. Bg2 b6 7. O-O Bb7 8. cxd5 Nxd5 9. Qc2 Nxc3 10. bxc3 c5 11. Ng5 Bxg5 12. Bxb7 Bxc1 13. Bxa8 Bg5 14.
Rfd1 Qc7 15. Bf3 cxd4 16. Rxd4 Bf6 17. Rd3 Nd7 18. Rad1 Ne5 19. R3d2 Rc8 20. Kg2 g6 21.
Qa4 Kg7 22. h4 h5 23. Rd6 Be7 24. Rd7 Nxd7 25. Rxd7 Qc5 26. Qxa7 Kf8 27. Qb7 Rd8 28.
Rc7 Qa3 29. c4 Qd6 30. Rc6 Qa3 31. Rc7 Qd6 32. a4 Qb4 33. c5 Qxc5 34. Rxc5 Bxc5 35. Qc7 Rd4 36. a5 1-0

[Event "Early-Titled-Tuesday-Blitz-April-16-2024"]
[Site "Chess.com"]
[Date "2024.04.16"]
[Round "9"]
[White "Let_it_be_1"]
[Black "Nikolakis2014"]
[Result "1/2-1/2"]
[WhiteElo "2599"]
[BlackElo "2729"]
[TimeControl "180+1"]
[EndTime "9:47:55 PDT"]
[Termination "Game drawn by repetition"]

1. e4 c5 2. Nf3 d6 3. d4 cxd4 4. Nxd4 Nf6 5. Nc3 a6 6. Be2 e5 7. Nb3 Be7 8. O-O Be6 9. f4 Qc7 10. f5 Bc4 11. a4 Nbd7 12. Kh1 O-O 13. g4 d5 14. g5 Nxe4 15. Nxe4 dxe4 16. Be3 Bxe2 17.
Qxe2 Rfc8 18. f6 Bf8 19. fxg7 Bxg7 20. Qh5 Nf8 21. Nc5 Ng6 22. Nxe4 Qxc2 23. Qf3 Kh8 24. Rac1 Qxa4 25. Rxc8+ Rxc8 26. Nd6 Rc2 27. Nxf7+ Kg8 28. Qd5 Qc6 29. Nh6+ Kh8 30. Nf7+ Kg8 31. Nh6+ Kh8 32. Nf7+ Kg8 1/2-1/2

[Event "Early-Titled-Tuesday-Blitz-April-16-2024"]
[Site "Chess.com"]
[Date "2024.04.16"]
[Round "9"]
[White "amintabatabaei"]
[Black "snowlord"]
[Result "0-1"]
[WhiteElo "3042"]
[BlackElo "2977"]
[TimeControl "180+1"]
[EndTime "9:47:56 PDT"]
[Termination "snowlord won on time"]

1. Nf3 d5 2. b3 Bg4 3. e3 e6 4.
Bb2 a5 5. a4 Nf6 6. h3 Bf5 7.
Nh4 Bg6 8. Be2 Na6 9. O-O Nb4 10. d3 Bd6 11. Nd2 Qe7 12. Nxg6 hxg6 13. c3 Nc6 14. d4 e5 15. c4 exd4 16. exd4 O-O 17. Bf3 Nb4 18.
g3 Qd7 19. Kg2 Rfe8 20. Bc3 c6 21. Re1 Rxe1 22. Qxe1 Nc2 23. Qc1 Nxa1 24. Bxa1 Qf5 25. Nf1 Qd3 26. Ne3 Qxb3 27. cxd5 cxd5 28. Bd1 Qa2 29. Bc2 Rc8 30. Qd1 Bb4 31. h4 Bc3 32. Bxc3 Rxc3 33. h5 gxh5 34. Bf5 Rxe3 0-1

[Event "Early-Titled-Tuesday-Blitz-April-16-2024"]
[Site "Chess.com"]
[Date "2024.04.16"]
[Round "9"]
[White "MokshAD1603"]
[Black "Abund"]
[Result "0-1"]
[WhiteElo "2620"]
[BlackElo "2814"]
[TimeControl "180+1"]
[EndTime "9:47:56 PDT"]
[Termination "Abund won by checkmate"]

1. d4 d5 2. Nf3 Nf6 3. Bf4 e6 4. e3 Bd6 5. Nbd2 O-O 6. Bd3 c5 7. c3 Bxf4 8. exf4 b6 9. Qe2 Qd6 10. Ne5 a5 11. h4 cxd4 12. cxd4 Ba6 13. Bxa6 Nxa6 14. a3 Rfc8 15. h5 Nc7 16. h6 g6 17.
Rh3 Nce8 18. Qd3 Rc7 19. Ndf3 Ne4 20. Ng5 Rac8 21. Nxe4 dxe4 22. Qxe4 Nf6 23. Qd3 Rc2 24. Rg3 Qf8 25. f5 exf5 26. Qxf5 Qxh6 27. Qxf6 Qh1# 0-1

[Event "Early-Titled-Tuesday-Blitz-April-16-2024"]
[Site "Chess.com"]
[Date "2024.04.16"]
[Round "9"]
[White "romulocardoso"]
[Black "lluiss"]
[Result "1-0"]
[WhiteElo "2316"]
[BlackElo "2083"]
[TimeControl "180+1"]
[EndTime "9:47:57 PDT"]
[Termination "romulocardoso won by resignation"]

1. e4 c5 2. Nf3 d6 3. d4 cxd4 4.
Nxd4 Nf6 5. Nc3 g6 6. f3 Bg7 7.
Be3 O-O 8. Bc4 Nc6 9. Qd2 Bd7 10. O-O-O Ne5 11. Bb3 Qa5 12. Kb1 Rfc8 13. g4 Rc5 14. Nd5 Qxd2 15. Nxf6+ Bxf6 16. Rxd2 Nc4 17. Bxc4 Rxc4 18.
g5 Be5 19. f4 Bxd4 20. Bxd4 Bc6 21. b3 Rb4 22. a3 Rb5 23. a4 Rb4 24. Kb2 e5 25. c3 Bxe4 26. Re1 exd4 27. cxb4 d5 28. Rxd4 Rc8 29. b5 Kg7 30. a5 f6 31. h4 Kf7 32. b4 Ke6 33. Rc1 Rxc1 34. Kxc1 fxg5 35.
fxg5 Ke5 36. Rd2 d4 37. Kb2 Bf3 38. Kb3 Ke4 39. Kc4 d3 40. a6 bxa6 41. bxa6 Be2 42.
b5 Ke3 43. Kc3 1-0

[Event "Early-Titled-Tuesday-Blitz-April-16-2024"]
[Site "Chess.com"]
[Date "2024.04.16"]
[Round "9"]
[White "atalz0"]
[Black "bubeliang"]
[Result "1/2-1/2"]
[WhiteElo "2487"]
[BlackElo "2772"]
[TimeControl "180+1"]
[EndTime "9:48:01 PDT"]
[Termination "Game drawn by repetition"]

1. d4 d5 2. c4 e6 3. Nc3 Nf6 4. cxd5 exd5 5. Bg5 Be7 6. e3 O-O 7. Bd3 c6 8. Nge2 h6 9. Bh4 Re8 10. Qc2 a5 11. O-O Na6 12. a3 Nc7 13. Na4 Ne6 14.
Rac1 b5 15. Bxf6 Bxf6 16. Nc5 Nxc5 17. Qxc5 Bd7 18. a4 bxa4 19. Qa3 Qb6 20. Nc3 Be7 21. Nxa4 Qb4 22. Nc5 Bxc5 23. Rxc5 Reb8 24. Ra1 Qxb2 25. Qxb2 Rxb2 26. Rcxa5 Rab8 27. Ra8 g6 28. Rxb8+ Rxb8 29. h3 Rb2 30. Bf1 Rc2 31. Ra7 Bf5 32. Ra1 h5 33. g3 Kg7 34. h4 Rc3 35. Bg2 Rc2 36.
Bf3 Bd3 37. Kg2 Bf5 38. Rd1 Rc3 39. Ra1 Rc2 40. Rd1 Kf6 41. Ra1 Be6 42. Rd1 Kg7 43. Ra1 Bf5 1/2-1/2

[Event "Early-Titled-Tuesday-Blitz-April-16-2024"]
[Site "Chess.com"]
[Date "2024.04.16"]
[Round "9"]
[White "Mazarini41"]
[Black "FREZZY23"]
[Result "0-1"]
[WhiteElo "2335"]
[BlackElo "2436"]
[TimeControl "180+1"]
[EndTime "9:48:03 PDT"]
[Termination "FREZZY23 won by resignation"]

1. e4 c5 2. Nf3 d6 3. d4 cxd4 4. Nxd4 Nf6 5. Nc3 a6 6. f3 e5 7. Nb3 Be6 8. Be3 b5 9. Qd2 Nbd7 10. O-O-O Rc8 11. g4 Be7 12. h4 Qc7 13. h5 Nb6 14. g5 Nfd7 15. g6 hxg6 16. Be2 Nc4 17. Bxc4 bxc4 18.
Na1 gxh5 19. Rdg1 g6 20. f4 exf4 21. Bxf4 Ne5 22. Nd5 Bxd5 23. exd5 c3 24. bxc3 Qxc3 25. Nb3 Qxd2+ 26. Bxd2 Rc4 27. Re1 Nf3 28. Re2 Nxd2 29.
Nxd2 Rc7 30. Rhe1 Kd8 31. Nb3 Re8 32. Nd4 Bg5+ 33. Kd1 Rxe2 34. Rxe2 Rc5 35. Nc6+ Kd7 36. c4 Rxc6 37. dxc6+ Kxc6 38. Rf2 f6 39. Kc2 h4 40. Kd3 Kc5 41. a3 d5 42. Rc2 Bf4 43. cxd5+ Kxd5 44. Rc4 g5 45. Re4 h3 46. Re1 h2 47. Ke2 g4 48.
Kf2 g3+ 49. Kg2 Be5 50. Rf1 Kc4 51. a4 Kb4 52. Rb1+ Kxa4 53. Rb6 a5 54. Rb7 Ka3 0-1